 Dungeon Crawl Stone Soup version 0.30-a0-626-gd6a5dd7a1f (webtiles) character file.

Game seed: 18179645116236825168

99536 night the Marksfrog (level 16, 0/115 HPs)
             Began as a Barachi Hunter on Jan 10, 2023.
             Was the Champion of Cheibriados.
             Killed from afar by a manticore (1 damage)
             ... with a volley of spikes
             ... on level 15 of the Dungeon on Jan 11, 2023.
             The game lasted 00:59:42 (18855 turns).

night the Marksfrog (Barachi Hunter)               Turns: 18855, Time: 00:59:42

Health: 0/115      AC:  5    Str: 28    XL:     16   Next: 25%
Magic:  23/23      EV: 37    Int: 26    God:    Cheibriados [******]
Gold:   1049       SH:  5    Dex: 37    Spells: 9/15 levels left

rFire   . . .      SeeInvis +    R - +0 arbalest (freeze)
rCold   . . .      Faith    .    (shield currently unavailable)
rNeg    . . .      Spirit   .    Q - +1 robe of Vines {NoPotionHeal Regen++++}
rPois   .          Reflect  +    (no helmet)
rElec   .          Harm     .    H - +1 cloak
rCorr   .          Rampage  .    (no gloves)
Will    +....                    (no boots)
Stlth   +++++                    P - amulet of reflection
HPRegen 3.59/turn                h - ring of see invisible
MPRegen 0.18/turn                x - +5 ring of evasion

@: spiked, studying Axes, very slow
A: amphibious, slowness 1, strong legs 2, +LOS
a: Hop, Renounce Religion, Bend Time, Temporal Distortion, Slouch, Step From
Time


You were on level 15 of the Dungeon.
You worshipped Cheibriados.
Cheibriados was exalted by your worship.
You visited 3 branches of the dungeon, and saw 21 of its levels.
You also visited: Ice Cave and Volcano.

You collected 1904 gold pieces.
You spent 855 gold pieces at shops.

Inventory:

Hand Weapons
 a - a +0 shortbow of flaming
 f - a +7 heavy great sword
 j - a +0 demon blade of flaming
 R - a +0 arbalest of freezing (weapon)
 T - a +2 lajatang of flaming
Missiles
 g - 14 javelins
 t - 24 poisoned darts
 N - a curare-tipped dart
 W - 4 boomerangs
Armour
 p - a +0 cloak of fire resistance
 H - a +1 cloak (worn)
 I - +0 steam dragon scales
 Q - the +1 robe of Vines (worn) {NoPotionHeal Regen++++}
   (You found it on level 12 of the Dungeon)

   Its wearer cannot be healed by potions.
   Regen:     It increases your rate of health regeneration.
Jewellery
 h - a ring of see invisible (left hand)
 x - a +5 ring of evasion (right hand)
 K - an amulet of the acrobat
 L - a ring of willpower
 P - an amulet of reflection (around neck)
 Z - a ring of positive energy
Wands
 i - a wand of quicksilver (3)
 o - a wand of roots (11)
 F - a wand of flame (15)
 J - a wand of digging (18)
 M - a wand of paralysis (13)
 U - a wand of mindburst (10)
Scrolls
 b - 2 scrolls of immolation
 c - 3 scrolls of teleportation
 k - 3 scrolls of magic mapping
 m - 2 scrolls of fog
 n - 4 scrolls of blinking
 u - 15 scrolls of identify
 w - a scroll of fear
 y - 3 scrolls of poison
 A - 2 scrolls of enchant armour
 B - 3 scrolls of enchant weapon
 E - a scroll of summoning
 G - a scroll of amnesia
 V - a scroll of silence
Potions
 d - 2 potions of ambrosia
 e - 4 potions of lignification
 l - 2 potions of cancellation
 q - a potion of invisibility
 r - 2 potions of degeneration
 s - 3 potions of mutation
 v - 10 potions of curing
 z - a potion of resistance
 C - 4 potions of heal wounds
 D - a potion of berserk rage
 O - 3 potions of brilliance
 S - a potion of flight
 Y - a potion of magic
Miscellaneous
 X - a condenser vane


   Skills:
 + Level 7.3 Fighting
 * Level 18.8 Ranged Weapons
 + Level 14.6 Dodging
 - Level 6.9 Stealth
 - Level 6.6 Poison Magic
 + Level 10.5 Invocations


You had 9 spell levels left.
You knew the following spells:

 Your Spells              Type           Power      Damage    Failure   Level
a - Olgreb's Toxic Radia  Pois           34%        N/A       9%          4
b - Poisonous Vapours     Pois/Air       34%        N/A       4%          2

Your spell library contained the following spells:

 Spells                   Type           Power      Damage    Failure   Level
 Sting                    Tmut/Pois      68%        1d6       3%          1
 Spider Form              Tmut/Pois      17%        N/A       10%         3
 Beastly Appendage        Tmut           0%         N/A       13%         1
 Shock                    Conj/Air       0%         1d3       13%         1
 Slow                     Hex            0%         N/A       13%         1
 Blink                    Tloc           0%         N/A       19%         2
 Momentum Strike          Conj/Tloc      0%         3d8       19%         2
 Sublimation of Blood     Necr           0%         N/A       19%         2
 Wereblood                Tmut           0%         N/A       19%         2
 Call Canine Familiar     Summ           0%         N/A       36%         3
 Confusing Touch          Hex            0%         N/A       36%         3
 Dazzling Flash           Conj/Hex       0%         N/A       36%         3
 Inner Flame              Hex/Fire       0%         N/A       36%         3
 Lesser Beckoning         Tloc           0%         N/A       36%         3
 Portal Projectile        Hex/Tloc       0%         N/A       36%         3
 Swiftness                Air            0%         N/A       36%         3
 Vampiric Draining        Necr           0%         2d6       36%         3
 Airstrike                Air            0%         2d(0-16)  77%         4
 Cause Fear               Hex            0%         N/A       77%         4
 Leda's Liquefaction      Hex/Erth       0%         N/A       77%         4
 Manifold Assault         Tloc           0%         N/A       77%         4
 Petrify                  Tmut/Erth      0%         N/A       77%         4
 Freezing Cloud           Conj/Ice/Air   0%         6-21      98%         5
 Irradiate                Conj/Tmut      0%         3d11      98%         5
 Metabolic Englaciation   Hex/Ice        0%         N/A       98%         5
 Yara's Violent Unravell  Hex/Tmut       0%         3d3       98%         5
 Dispersal                Tloc           0%         N/A       100%        6
 Simulacrum               Ice/Necr       0%         N/A       100%        6
 Discord                  Hex            0%         N/A       100%        8
 Disjunction              Tloc           0%         N/A       100%        8
 Polar Vortex             Ice            0%         N/A       100%        9


Dungeon Overview and Level Annotations

Branches:
Dungeon (15/15)            Temple (1/1) D:4            Lair (5/5) D:8
 Shoals (0/4) Lair:3       Spider (0/4) Lair:3        Slime (0/5) Lair:4
    Orc (0/2) D:12         Vaults (0/5) D:13         Depths (0/4) D:15
  IceCv (visited)         Volcano (visited)

Altars:
Ashenzari
Cheibriados
Dithmenos
Elyvilon
Fedhas
Gozag
Hepliaklqana
Kikubaaqudgha
Makhleb
Nemelex Xobeh
Okawaru
Qazlal
Ru
Sif Muna
Trog
Uskayaw
Vehumet
Wu Jian
Xom
Yredelemnul
Zin
The Shining One
Jiyva

Shops:
D:1 =   D:6 *   D:11 *

Annotations:
Lair:1 1 runed translucent door, Fypraclaro's ghost, journeyman GnHW


Innate Abilities, Weirdness & Mutations

You are amphibious.
You cover ground slowly.
You can hop long distances.
You have an extended range of vision and can be seen from far away.


Message History

The fire giant shouts!
The centaur warrior wields a +0 longbow.
The centaur warrior shoots an arrow.
The arrow hits you!
A manticore comes into view.
You shoot a bolt. The bolt hits the centaur warrior.
The bolt freezes the centaur warrior.
The centaur warrior is moderately wounded.
The centaur warrior shoots an arrow.
The arrow hits you but does no damage.
You shoot a bolt.
The bolt hits the centaur warrior but does no damage.
The centaur warrior is moderately wounded.
The centaur warrior shoots an arrow.
The arrow barely misses you.
The centaur warrior shoots an arrow.
The arrow hits you!
The fire giant gestures at you while chanting.
The bolt of fire misses you.
You shoot a bolt.
The bolt closely misses the centaur warrior.
You shoot a bolt. The bolt hits the centaur warrior.
The bolt freezes the centaur warrior.
The centaur warrior is moderately wounded.
The centaur warrior shoots an arrow.
The arrow closely misses you.
The manticore flicks its tail.
The volley of spikes hits you!!
The barbed spikes become lodged in your body.
You shoot a bolt. The bolt hits the centaur warrior.
The bolt freezes the centaur warrior.
The centaur warrior is heavily wounded.
The centaur warrior shoots an arrow.
The arrow hits you!!
The fire giant points at you and mumbles some strange words.
The fireball explodes!
The fireball engulfs you!!!
* * * LOW HITPOINT WARNING * * *
You hear a horrible gurgling sound! x5
The barbs in your skin will harm you if you move.
Continue?
The centaur warrior shoots an arrow.
The arrow closely misses you.
The centaur warrior shoots an arrow.
The arrow hits you!!
* * * LOW HITPOINT WARNING * * *
The manticore flicks its tail.
The volley of spikes hits you.
The barbed spikes become lodged in your body.
You die...

#.##.#.≈§≈≈§.§§§
..#.#..≈≈≈...≈≈
.# .....≈#≈≈ >.≈§
...#....§≈§≈C..≈§
......≈§≈≈≈≈≈≈≈
..##H....§#≈§≈§≈#
..........≈≈#≈≈§
....#......≈.≈§§§
....[.c.@........
.......$##.....##
.######. ..#..#
#. ... . #. ##..
## .


You could see a fire giant, a centaur warrior and a manticore.

Vanquished Creatures
  Rupert (D:14)
  A dire elephant (Lair:5)
  Azrael (D:14)
  A rakshasa (D:14)
  8 hydras
  2 catoblepae
  An anaconda (shapeshifter) (D:13)
  2 alligators (Lair:5)
  3 boulder beetles
  2 centaur warriors
  A two-headed ogre (D:12)
  A tengu warrior (D:11)
  6 death yaks
  Lodul (D:14)
  A bog body (IceCv)
  A wizard (D:14)
  A deep elf archer (Volcano)
  6 deep elf pyromancers
  A necromancer (IceCv)
  An ugly thing (D:12)
  4 cyclopes
  A moth of wrath (shapeshifter) (D:13)
  11 elephants
  A manticore (D:14)
  3 centaur zombies (D:9)
  4 black mambas
  10 cane toads
  A gargoyle (D:11)
  2 ice statues (IceCv)
  2 centaur skeletons (D:9)
  3 rime drakes
  5 ice devils (IceCv)
  An anaconda simulacrum (IceCv)
  6 komodo dragons
  A freezing wraith (IceCv)
  A tengu conjurer (D:14)
  5 polar bears
  2 hellwings
  6 trolls
  11 blink frogs
  4 hornets
  7 dream sheep
  2 centaur simulacra (D:13)
  10 slime creatures
  11 spriggans (Lair:5)
  A vampire (D:12)
  2 wraiths
  A yak (shapeshifter) (D:13)
  A shadow (D:11)
  5 dire elephant simulacra (IceCv)
  5 wyverns
  2 basilisks
  36 yaks
  2 steam dragons
  6 fire elementals
  A death yak simulacrum (IceCv)
  9 vampire mosquitoes
  2 harpy simulacra (IceCv)
  2 hydra simulacra (IceCv)
  8 hell hounds
  15 water moccasins
  A meliai simulacrum (D:13)
  5 orc warriors
  A sky beast (D:7)
  9 black bears
  4 ice beasts
  5 boggarts (Lair:5)
  4 centaurs
  9 ogres
  26 wolves
  4 kobold brigands
  11 bullfrogs
  A necrophage (D:6)
  6 gnoll sergeants
  10 scorpions
  8 wights
  A hornet simulacrum (D:13)
  7 killer bees
  An elephant simulacrum (IceCv)
  3 electric eels
  5 howler monkeys
  A crimson imp (D:6)
  3 hounds (D:6)
  4 jellies
  2 quasits (D:7)
  Crazy Yiuf (D:7)
  4 orc priests
  A gnoll bouda (D:4)
  An iguana (D:7)
  A boggart zombie (D:9)
  3 orc wizards
  2 hell rats (Lair:5)
  A troll simulacrum (IceCv)
  A wolf simulacrum (IceCv)
  6 adders
  25 gnolls
  6 shadow imps
  6 white imps
  6 ufetubi
  A worm (Lair:3)
  A dart slug (D:1)
  27 orcs
  8 endoplasms
  2 giant cockroaches
  3 goblins
  6 hobgoblins
  2 jackals (D:3)
  2 quokkas
  3 ball pythons (D:1)
  A bat (D:1)
  2 frilled lizards (D:3)
  16 kobolds
  A rat (D:3)
524 creatures vanquished.

Vanquished Creatures (others)
  A bush (Lair:2)
  A butterfly (Lair:4)
  8 demonic plants (D:7)
  59 fungi
  47 plants
  5 withered plants (D:9)
121 creatures vanquished.

Grand Total: 645 creatures vanquished

Notes
Turn   | Place    | Note
-------+----------+-------------------------------------------
     0 | D:1      | night the Barachi Hunter began the quest for the Orb.
     0 | D:1      | Reached XP level 1. HP: 17/17 MP: 1/1
   104 | D:1      | Reached skill level 1 in Stealth
   177 | D:1      | Found Fashann's Jewellery Shoppe.
   266 | D:1      | Reached XP level 2. HP: 23/23 MP: 2/2
   472 | D:2      | Reached XP level 3. HP: 23/28 MP: 3/3
   751 | D:2      | HP: 4/28 [poisoned by an adder]
   835 | D:2      | Identified a scroll of acquirement
   837 | D:2      | Acquired a +3 shortbow of freezing
  1278 | D:3      | Reached skill level 2 in Stealth
  1278 | D:3      | Reached XP level 4. HP: 33/34 MP: 4/4
  1486 | D:3      | Reached skill level 5 in Ranged Weapons
  1952 | D:4      | Reached XP level 5. HP: 39/39 MP: 5/5
  2028 | D:4      | Found a staircase to the Ecumenical Temple.
  2044 | Temple   | Entered the Ecumenical Temple
  2049 | Temple   | Became a worshipper of Cheibriados the Contemplative
  2189 | D:4      | Reached XP level 6. HP: 46/46 MP: 6/6
  2270 | D:5      | Entered Level 5 of the Dungeon
  2345 | D:5      | Got Duerhav's Book of Hexes
  2452 | D:5      | Reached skill level 6 in Ranged Weapons
  2650 | D:5      | Reached XP level 7. HP: 51/51 MP: 7/7
  2683 | D:4      | HP: 7/51 [poisoned by a water moccasin]
  2688 | D:4      | HP: 5/51 [poisoned by a water moccasin]
  2998 | D:5      | Reached * piety under Cheibriados
  3027 | D:5      | Reached skill level 7 in Ranged Weapons
  3163 | D:6      | Reached skill level 5 in Dodging
  3169 | D:6      | Identified the +0 flail of Reoggec {venom, rElec MP+9 Str+4
                  | Dex+2}
  3250 | D:6      | Found Akhlusuk's General Store.
  3409 | D:6      | Reached XP level 8. HP: 57/57 MP: 8/8
  3545 | D:6      | Found a burning altar of Makhleb.
  3545 | D:6      | Found a radiant altar of Vehumet.
  3625 | D:6      | Reached skill level 8 in Ranged Weapons
  3672 | D:6      | Reached skill level 5 in Stealth
  3912 | D:7      | Reached ** piety under Cheibriados
  4031 | D:7      | Found a sparkling altar of Nemelex Xobeh.
  4119 | D:7      | Noticed a wyvern
  4123 | D:7      | Killed a wyvern
  4141 | D:7      | Reached XP level 9. HP: 62/62 MP: 9/9
  4168 | D:7      | Found a runed translucent door.
  4169 | D:7      | Noticed Crazy Yiuf
  4180 | D:7      | Killed Crazy Yiuf
  4250 | D:7      | Reached skill level 9 in Ranged Weapons
  4405 | D:6      | HP: 9/62 [poisoned by a killer bee]
  4856 | D:8      | Found a staircase to the Lair.
  5013 | D:1      | Bought an amulet of guardian spirit for 360 gold pieces
  5185 | D:8      | Reached skill level 10 in Ranged Weapons
  5296 | D:8      | HP: 9/62 [centaur/arrow (5)]
  5491 | D:8      | Found a blossoming altar of Fedhas.
  5491 | D:8      | Found a stormy altar of Qazlal.
  5491 | D:8      | Found a shimmering altar of Xom.
  5491 | D:8      | Found a glowing silver altar of Zin.
  5492 | D:8      | Found a shimmering blue altar of Sif Muna.
  5492 | D:8      | Found a broken altar of Ashenzari.
  5493 | D:8      | Found a hazy altar of Hepliaklqana.
  5493 | D:8      | Found a hide-covered altar of Uskayaw.
  5493 | D:8      | Found an ancient bone altar of Kikubaaqudgha.
  5645 | D:8      | Reached *** piety under Cheibriados
  6265 | D:9      | Noticed a troll
  6268 | D:9      | Killed a troll
  6269 | D:9      | Reached XP level 10. HP: 68/68 MP: 10/10
  6296 | D:9      | Reached skill level 1 in Invocations
  6303 | D:9      | Reached skill level 11 in Ranged Weapons
  6365 | D:10     | Entered Level 10 of the Dungeon
  6378 | D:10     | Reached skill level 2 in Invocations
  6636 | D:10     | Noticed a boulder beetle
  6760 | D:10     | HP: 9/68 [boulder beetle (16)]
  7073 | D:10     | HP: 8/68 [boulder beetle (5)]
  7087 | D:10     | HP: 6/68 [boulder beetle (2)]
  7093 | D:10     | Killed a boulder beetle
  7451 | D:10     | Reached skill level 12 in Ranged Weapons
  7639 | D:10     | Reached **** piety under Cheibriados
  7677 | D:10     | Noticed a tengu warrior
  7679 | D:10     | Noticed a two-headed ogre
  8142 | D:9      | Reached XP level 11. HP: 64/73 MP: 9/13
  8168 | Lair:1   | Entered Level 1 of the Lair of Beasts
  8297 | Lair:1   | Found a dark tunnel.
  8306 | Volcano  | Entered a volcano
  8349 | Volcano  | Noticed a deep elf pyromancer
  8351 | Volcano  | Noticed a deep elf pyromancer
  8354 | Volcano  | Noticed a deep elf pyromancer
  8368 | Volcano  | Killed a deep elf pyromancer
  8369 | Volcano  | Reached skill level 13 in Ranged Weapons
  8383 | Volcano  | Noticed a deep elf pyromancer
  8391 | Volcano  | Reached skill level 10 in Dodging
  8393 | Volcano  | Killed a deep elf pyromancer
  8399 | Volcano  | Killed a deep elf pyromancer
  8400 | Volcano  | Reached skill level 5 in Invocations
  8472 | Volcano  | Killed a deep elf pyromancer
  8477 | Volcano  | Reached ***** piety under Cheibriados
  8495 | Volcano  | Noticed a deep elf pyromancer
  8500 | Volcano  | Killed a deep elf pyromancer
  8628 | Volcano  | Noticed a deep elf archer
  8681 | Volcano  | Killed a deep elf archer
  8958 | Lair:1   | Noticed Fypraclaro's ghost (journeyman GnHW)
  9450 | Lair:1   | Found a runed translucent door.
  9642 | Lair:2   | Reached XP level 12. HP: 80/80 MP: 16/16
  9649 | Lair:2   | Reached skill level 14 in Ranged Weapons
 10428 | Lair:2   | Noticed a catoblepas
 10672 | D:1      | Bought an amulet of reflection for 360 gold pieces
 10878 | Lair:2   | Killed a catoblepas
 11304 | Lair:3   | Found a staircase to the Shoals.
 11670 | Lair:3   | Found a hole to the Spider Nest.
 11692 | Lair:3   | Reached skill level 15 in Ranged Weapons
 12398 | Lair:4   | Noticed a six-headed hydra
 12402 | Lair:4   | Killed a six-headed hydra
 12403 | Lair:4   | Reached skill level 12 in Dodging
 12414 | Lair:4   | Gained mutation: You can hop long distances. [Barachi
                  | growth]
 12414 | Lair:4   | Reached XP level 13. HP: 85/85 MP: 18/18
 12457 | Lair:4   | Reached ****** piety under Cheibriados
 12532 | Lair:4   | Identified the +4 scimitar of Defenestration {drain,
                  | Fragile +Blink MP+9 Str+3}
 12536 | Lair:4   | Found a staircase to the Slime Pits.
 12536 | Lair:4   | Found a viscous altar of Jiyva.
 12561 | Lair:4   | Identified the +0 cloak "Waiross" {Rampage rPois rF- Int+7}
 12894 | Lair:5   | Entered Level 5 of the Lair of Beasts
 13165 | Lair:5   | Reached skill level 16 in Ranged Weapons
 13177 | Lair:5   | HP: 5/85 [six-headed hydra (8)]
 13182 | Lair:5   | HP: 9/85 [black mamba (6)]
 13928 | Lair:5   | Reached skill level 17 in Ranged Weapons
 14032 | Lair:5   | Reached XP level 14. HP: 67/91 MP: 20/20
 14548 | Lair:5   | Noticed a dire elephant
 14565 | Lair:5   | Killed a dire elephant
 14739 | Lair:5   | Learned a level 4 spell: Olgreb's Toxic Radiance
 15306 | D:11     | Found Das Reonowku's General Store.
 15328 | D:11     | Bought a scroll of blinking for 135 gold pieces
 15505 | D:11     | Reached XP level 15. HP: 101/101 MP: 22/22
 15822 | D:12     | Found a staircase to the Orcish Mines.
 16123 | D:12     | Learned a level 2 spell: Poisonous Vapours
 16239 | D:12     | Reached skill level 5 in Fighting
 16638 | D:12     | Found the +1 robe of Vines {NoPotionHeal Regen++++}
 16650 | D:12     | Reached skill level 18 in Ranged Weapons
 16650 | D:12     | Reached skill level 14 in Dodging
 16992 | D:13     | Found a frozen archway.
 17008 | IceCv    | Entered an ice cave
 17139 | IceCv    | Reached skill level 10 in Invocations
 17675 | D:13     | Found a gate to the Vaults.
 17706 | D:13     | Reached XP level 16. HP: 113/113 MP: 23/23
 17991 | D:14     | Noticed Lodul
 18002 | D:14     | Killed Lodul
 18221 | D:14     | Noticed Rupert
 18240 | D:14     | Killed Rupert
 18287 | D:14     | Noticed Azrael
 18294 | D:14     | Killed Azrael
 18499 | D:14     | Found a radiant altar of Vehumet.
 18822 | D:14     | Upgraded the game from 0.30-a0-622-gddc90eaa04 to
                  | 0.30-a0-626-gd6a5dd7a1f
 18848 | D:15     | Entered Level 15 of the Dungeon
 18848 | D:15     | Found a staircase to the Depths.
 18855 | D:15     | HP: 1/115 [centaur warrior/arrow (26)]
 18855 | D:15     | Killed from afar by a manticore

Illustrated notes

Levels and vault maps discovered:
D:1:      lightli_arrival_statuegarden, layout_basic, serial_shops, shop_coins
D:2:      layout_loops_cross
D:3:      layout_basic
D:4:      layout_rooms, minmay_temple_entry_statues_pillars
D:5:      layout_basic
D:6:      layout_gridville, grunt_temple_overflow_lords_of_destruction,
          serial_shops, shop
D:7:      layout_gridville, mainiacjoe_overflow_concentric_impassable,
          serial_demonic, serial_demonic_b, serial_demonic_b, serial_demonic_a,
          serial_demonic_e, serial_demonic_g, serial_demonic_g,
          serial_demonic_d, chequers_ossuary_entry_cave, minmay_manual_mess,
          uniq_crazy_yiuf_cottage
D:8:      layout_layer_cave, nicolae_overflows_in_rows, lair_entry_dummy
D:9:      cheibrodos_grave_circle, layout_basic
D:10:     layout_irregular_city, onia_ninara_dug_in_and_dangerous
D:11:     layout_cave_pools, serial_shops, nicolae_shop_window_shopping
D:12:     layout_cave_pods, kennysheep_orc_monster_closet_entryway,
          glass_columns_a, hellmonk_guarded_unrand_vines
D:13:     layout_roguey, david_vaults_2, serial_ice, serial_ice_h, serial_ice_g,
          serial_ice_j, serial_ice_n, serial_ice_e, serial_ice_b,
          portal_ice_cave_entry_pillars_2
D:14:     layout_loops_ring, fiery_altar_vehumet, uniq_rupert, uniq_azrael,
          uniq_lodul
D:15:     grunt_enter_depths_giant_problem, layout_layer_cave,
          nicolae_benzene_ring
Temple:   hellmonk_temple_micro_hex
Lair:1:   layout_regular_city, serial_rivers, chequers_serial_rivers_marsh,
          chequers_serial_rivers_micro_a, chequers_serial_rivers_micro_d,
          chequers_serial_rivers_micro_e, nicolae_volcano_entry_hallway,
          hellmonk_ghost_happy_afterlife
Lair:2:   layout_layer_cave, chequers_serial_rivers_small_b, grunt_megastairs_1
Lair:3:   layout_regular_city, elwin_shoals_entry_rocks,
          nicolae_spider_entry_non_spiders
Lair:4:   layout_regular_city, nicolae_slime_entry_slimehenge,
          grunt_megastairs_3, lemuel_fruit_fields
Lair:5:   minmay_lair_end_enchanted_forest, layout_concentric_octagons,
          nicolae_lair_lakeside_cave, grunt_megastairs_5

Skill      XL: |  1  2  3  4  5  6  7  8  9 10 11 12 13 14 15 16 |
---------------+-------------------------------------------------+-----
Stealth        | 1 2 3 4 5 6 |  6.9
Dodging        | 3 4 5 6 7 9 10 12 13 14 | 14.6
Ranged Weapons | 5 6 7 8 10 12 13 15 17 18 | 18.8
Invocations    | 3 5 7 9 10 | 10.5
Fighting       | 4 6 7 |  7.3
Poison Magic   | 6 |  6.6

Action                   |  1- 3 |  4- 6 |  7- 9 | 10-12 | 13-15 | 16-18 || total
-------------------------+-------+-------+-------+-------+-------+-------++-------
Melee: Shortbow          |     2 |       |       |     3 |       |       ||     5
       Lajatang          |       |       |       |     2 |    54 |       ||    56
       Great sword       |       |       |       |       |       |     7 ||     7
 Fire: Shortbow          |    90 |    91 |   277 |   451 |    11 |     1 ||   921
       Arbalest          |       |       |       |   151 |   667 |    64 ||   882
Throw: Dart              |       |       |       |     1 |       |       ||     1
 Cast: Olgreb's Toxic Ra |       |       |       |       |    11 |     3 ||    14
       Poisonous Vapours |       |       |       |       |     2 |       ||     2
Invok: Slouch            |       |       |       |       |     3 |     3 ||     6
 Abil: Hop               |     1 |       |     2 |     6 |     2 |       ||    11
Evoke: Wand              |       |       |     6 |    12 |     4 |       ||    22
       Condenser vane    |       |       |       |       |     1 |       ||     1
  Use: Scroll            |     7 |     1 |       |    12 |     7 |       ||    27
       Potion            |     1 |       |     1 |    11 |     3 |     1 ||    17
 Stab: Invisible         |       |       |       |     2 |       |       ||     2
       Sleeping          |       |       |       |       |     5 |       ||     5
Armor: Leather armour    |     8 |     3 |    15 |       |       |       ||    26
       Steam dragon scal |       |       |    12 |    26 |    28 |       ||    66
       Skin              |       |       |       |     3 |       |       ||     3
       Robe              |       |       |       |       |     7 |     2 ||     9
Dodge: Dodged            |    36 |    25 |   164 |   329 |   537 |    56 ||  1147
Block: Other             |       |       |       |     7 |   116 |     7 ||   130
       Reflection        |       |       |       |       |     1 |       ||     1

Table legend: (Time is in decaauts)
 A = Elapsed time spent in this place.
 B = Non-inter-level travel time spent in this place.
 C = Inter-level travel time spent in this place.
 D = Time resting spent in this place.
 E = Time spent auto-exploring this place.
 F = Levels seen in this place.
 G = Mean time per level.
                   A        B        C        D        E       F      G
               +--------+--------+--------+--------+--------+-----+--------+
         Total |  31463 |  28786 |   2677 |   2229 |  22208 |  23 | 1368.0 |
       Dungeon |  19104 |  17048 |   2056 |   1408 |  13267 |  15 | 1273.6 |
        Temple |     13 |      3 |     10 |      0 |      0 |   1 |   13.0 |
          Lair |  10810 |  10199 |    611 |    426 |   8588 |   5 | 2162.0 |
      Ice Cave |    794 |    794 |      0 |     32 |    312 |   1 |  794.0 |
       Volcano |    740 |    740 |      0 |    362 |     40 |   1 |  740.0 |
               +--------+--------+--------+--------+--------+-----+--------+

Top non-repeatable levels by time:
  Lair:5: 2920 daAuts
    D:10: 2445 daAuts
  Lair:2: 2210 daAuts
     D:8: 2165 daAuts
    D:12: 2076 daAuts
  Lair:3: 1969 daAuts
  Lair:4: 1914 daAuts
  Lair:1: 1795 daAuts
    D:14: 1729 daAuts
    D:13: 1478 daAuts
     D:7: 1289 daAuts
     D:6: 1217 daAuts
     D:9: 1140 daAuts
     D:4: 1044 daAuts
     D:5: 1033 daAuts
